AoeStats
← THL

Arabia

506406533Analyzed
1v1 RM · 19d ago on Sep 13, 2026· 49m 18s· 2 players
Game mode
Random Map
Map size
Tiny (2 player)
Population
200
Speed
Normal
Resources
Standard
Victory
Conquest
Starting age
Dark Age
Ending age
Imperial Age
RankedLock teamsTeams togetherTeam positionsShared explorationLock speedFull tech treeHidden civsTurbo modeCheats
Victory
Defeat
🇩🇪 Huns · Germany
1780
+16
🇻🇳 Tatars · Vietnam
1786
-16
unfold
5:39 Loom
8:22 Feudal Age
20:25 Castle Age
18:35 Gold Mining
19:02 Fletching
21:04 Bodkin Arrow
20:57 Double-Bit Axe
21:56 Bloodlines
22:40 Padded Archer Armor
24:22 Wheelbarrow
24:49 Husbandry
34:11 Ballistics
34:15 Light Cavalry
35:01 Scale Barding Armor
36:35 Chain Barding Armor
36:26 Forging
41:28 Hand Cart
41:32 Bow Saw
44:51 Imperial Age
43:40 Iron Casting
43:21 Leather Archer Armor
43:12 Horse Collar
44:11 Town Watch
44:55 Hussar
46:11 Plate Barding Armor
45:48 Bracer
47:25 Blast Furnace
46:09 Capped Ram
47:13 Masonry
48:02 Town Patrol
48:25 Conscription
48:49 Thumb Ring
49:10 Parthian Tactics
THL
6:12 Loom
8:44 Feudal Age
17:30 Fletching
22:58 Castle Age
21:38 Padded Archer Armor
22:32 Double-Bit Axe
22:58 Crossbowman
23:34 Bodkin Arrow
23:56 Bow Saw
26:45 Ballistics
38:35 Wheelbarrow
40:34 Imperial Age
42:52 Chemistry
41:58 Siege Engineers
42:54 Elite Skirmisher
43:54 Leather Archer Armor
43:42 Bracer
46:34 Leather Archer Armor
Connection lost

Rejoining the realm…

Still unreachable

The connection could not be restored.

Session expired

The server has moved on; the page needs a fresh start.